[Event "Titled Tuesday Blitz December 13 Early 2022"]
[White "Donskov, Anatoly"]
[Black "Ovchinnikov, Vsevolod"]
[WhiteFideId "24143413"]
[BlackFideId "24176842"]
[WhiteElo "2219"]
[BlackElo "2376"]
[Result "1-0"]
[Round "08"]
[TimeControl "180+1"]
[Date "2022.12.14"]
[WhiteClock "0:00:04"]
[BlackClock "0:00:05"]

1. e4 g6 2. d4 Bg7 3. Nc3 a6 4. a4 d6 5. f4 Nd7 6. Nf3 c5 7. d5 Ngf6 8. Bd3 O-O 9. O-O b6 10. Qe2 Ne8 11. Bd2 Nc7 12. e5 Rb8 13. e6 fxe6 14. dxe6 Nf6 15. Ng5 Qe8 16. f5 gxf5 17. Bxf5 h6 18. Nf7 Rxf7 19. exf7+ Qxf7 20. Rae1 Bxf5 21. Rxf5 e6 22. Rf3 Qg6 23. Rg3 Qh7 24. Rf1 Rf8 25. Qc4 d5 26. Qh4 Nfe8 27. Bxh6 Rxf1+ 28. Kxf1 Qf5+ 29. Kg1 Qxc2 30. Bxg7 Nxg7 31. Qd8+ Kh7 32. Qh4+ Kg8 33. Rf3 Nce8 34. Rf1 Qg6 35. Qf4 a5 36. Ne2 Qh5 37. Ng3 Qg6 38. Qf8+ Kh7 39. Qe7 Qg4 40. Rf3 Qd4+ 41. Rf2 Qd1+ 42. Rf1 Qg4 43. Qf7 Qd4+ 44. Kh1 Qg4 45. Qf2 Qg5 46. h3 Qg6 47. Kh2 Nd6 48. Qf4 Ndf5 49. Nxf5 Nxf5 50. g4 Ng7 51. Rf2 Qh6 52. Qf6 Qxf6 53. Rxf6 Kg8 54. g5 Kh7 55. h4 Kg8 56. Kh3 c4 57. Kg4 d4 58. h5 c3 59. bxc3 dxc3 60. Rf3 c2 61. Rc3 Nf5 62. Rc8+ Kg7 63. Rc7+ Kg8 64. g6 Nd4 65. Kg5 Nf3+ 66. Kf6 c1=Q 67. Rxc1 1-0


[Site "https://www.chess.com"]

[Event "Titled Tuesday Blitz December 13 Early 2022"]
[White "Dubov, Daniil"]
[Black "Andreikin, Dmitry"]
[WhiteFideId "24126055"]
[BlackFideId "4158814"]
[WhiteElo "2792"]
[BlackElo "2735"]
[Result "1-0"]
[Round "08"]
[TimeControl "180+1"]
[Date "2022.12.13"]
[WhiteClock "0:00:08"]
[BlackClock "0:00:07"]

1. d4 d5 2. Nf3 Nf6 3. g3 b5 4. Bg2 e6 5. O-O Be7 6. Bg5 O-O 7. Nbd2 Nbd7 8. c3 Bb7 9. a4 a6 10. b4 Nb6 11. a5 Nc8 12. Ne5 Nd6 13. Nb3 h6 14. Bxf6 Bxf6 15. Nc5 Ra7 16. Qd3 Re8 17. f4 c6 18. Rf2 Qc7 19. Raf1 Bc8 20. Qf3 Nb7 21. Ncd3 Nd6 22. Qh5 Nf5 23. Qf3 Nd6 24. Nc5 Nb7 25. Nxb7 Rxb7 26. Nd3 Qd8 27. e4 dxe4 28. Qxe4 Rc7 29. Qe3 Be7 30. Be4 Bb7 31. Rd2 Rd7 32. Rfd1 Bd6 33. Nc5 Bxc5 34. dxc5 Rd5 35. Bxd5 exd5 36. Qf2 Bc8 37. Re2 Bf5 38. Rxe8+ Qxe8 39. Re1 Be4 40. Qd4 Qe6 41. Qe5 Qg4 42. Rxe4 dxe4 43. Qe8+ Kh7 44. Qxe4+ f5 45. Qd3 Qg6 46. Kf2 Qe6 47. g4 g6 48. gxf5 gxf5 49. Qd6 Qc4 50. Qd7+ Kh8 51. Qxf5 Qxc3 52. Qe5+ Qxe5 53. fxe5 Kg7 54. Kf3 Kf7 55. Kf4 Kg6 56. Kg4 h5+ 57. Kf4 h4 58. h3 Kf7 59. Kf5 Ke7 60. e6 Ke8 61. Kg4 Ke7 62. Kxh4 Kxe6 63. Kg5 Kd5 64. h4 Kc4 65. h5 Kxb4 66. h6 Kxc5 67. h7 Kb4 68. h8=Q c5 69. Kf4 c4 70. Ke3 Kb3 71. Kd2 b4 72. Qg8 Ka3 73. Qxc4 b3 74. Kc3 b2 75. Qb3# 1-0


[Site "https://www.chess.com"]

[Event "Titled Tuesday Blitz December 13 Early 2022"]
[White "Fabris, Alberto"]
[Black "Molina Carretero, Daniel"]
[WhiteFideId "801348"]
[BlackFideId "32071914"]
[WhiteElo "2183"]
[BlackElo "2109"]
[Result "0-1"]
[Round "08"]
[TimeControl "180+1"]
[Date "2022.12.14"]
[WhiteClock "0:00:06"]
[BlackClock "0:00:02"]

1. e4 c5 2. Nf3 d6 3. d4 cxd4 4. Nxd4 Nf6 5. Nc3 g6 6. Be2 Bg7 7. O-O Nc6 8. Be3 O-O 9. f4 Qb6 10. Qd2 Nxe4 11. Nxe4 Bxd4 12. Bxd4 Qxd4+ 13. Qxd4 Nxd4 14. Bd3 Bf5 15. c3 Ne6 16. Rad1 Rac8 17. Ng3 Bxd3 18. Rxd3 Nc5 19. Rd2 b5 20. Re1 Rc7 21. f5 Kg7 22. h3 a5 23. fxg6 hxg6 24. Ne4 Nxe4 25. Rxe4 Rb8 26. Kf2 Rb6 27. Kf3 e6 28. g4 d5 29. Re1 g5 30. Ke3 Rc4 31. Rd4 Kg6 32. Rf1 Rbc6 33. Kd3 b4 34. Rxc4 Rxc4 35. cxb4 Rxb4 36. b3 a4 37. Kc3 Rb8 38. bxa4 e5 39. a5 f6 40. a4 Kf7 41. h4 gxh4 42. g5 h3 43. Rxf6+ Kg7 44. Rh6 d4+ 45. Kc4 Rc8+ 46. Kb5 d3 47. Rxh3 Rd8 48. Rh1 d2 49. Rd1 e4 50. a6 e3 51. a7 Ra8 52. Kb6 e2 53. Rxd2 e1=Q 54. Rd7+ Kg6 55. a5 Qb4+ 56. Kc6 Qxa5 57. Rb7 Qa6+ 58. Kc7 Rxa7 0-1


[Site "https://www.chess.com"]

[Event "Titled Tuesday Blitz December 13 Early 2022"]
[White "Farmani Anosheh, Armin"]
[Black "Levine, David"]
[WhiteFideId "24613240"]
[BlackFideId "2011611"]
[WhiteElo "2289"]
[BlackElo "2149"]
[Result "1-0"]
[Round "08"]
[TimeControl "180+1"]
[Date "2022.12.14"]
[WhiteClock "0:00:07"]
[BlackClock "0:00:10"]

1. d4 d5 2. c4 dxc4 3. e4 Nf6 4. e5 Nd5 5. Bxc4 e6 6. Nf3 Be7 7. O-O O-O 8. Nc3 b6 9. Nxd5 exd5 10. Bd3 c5 11. Re1 Nc6 12. Be3 Bg4 13. h3 Bh5 14. Be2 c4 15. Rf1 b5 16. Ne1 Bxe2 17. Qxe2 f6 18. f4 f5 19. g4 Qd7 20. Qg2 Nd8 21. Nf3 Ne6 22. Kh1 Kh8 23. Rg1 fxg4 24. Qxg4 g6 25. h4 Rf5 26. Rg2 Raf8 27. Rh2 Ng7 28. Ng1 Nh5 29. Ne2 Qe6 30. Rg1 Qf7 31. a3 a5 32. Ng3 Nxg3+ 33. Rxg3 b4 34. axb4 axb4 35. Qf3 Qe6 36. h5 Rxh5 37. Rxh5 gxh5 38. Qxh5 c3 39. bxc3 bxc3 40. Rg2 Qf5 41. Qh6 Qe4 42. Qg7# 1-0


[Site "https://www.chess.com"]

[Event "Titled Tuesday Blitz December 13 Early 2022"]
[White "Firouzja, Alireza"]
[Black "Zhalmakhanov, Ramazan"]
[WhiteFideId "12573981"]
[BlackFideId "13706357"]
[WhiteElo "2904"]
[BlackElo "2432"]
[Result "1-0"]
[Round "08"]
[TimeControl "180+1"]
[Date "2022.12.13"]
[WhiteClock "0:00:30"]
[BlackClock "0:01:05"]

1. d4 d5 2. Nf3 e6 3. Bf4 Nf6 4. e3 Bd6 5. Bd3 c5 6. dxc5 Bxc5 7. O-O O-O 8. Nbd2 Nc6 9. e4 Be7 10. e5 Nd7 11. Re1 Nc5 12. Nf1 Nxd3 13. cxd3 b6 14. Ng3 Ba6 15. a3 d4 16. Re4 Qd5 17. Qd2 Bb7 18. Rae1 Rfd8 19. Bg5 Qd7 20. Nh5 Kh8 21. Rg4 Rg8 22. Qf4 Bf8 23. Nf6 gxf6 24. Bxf6+ Bg7 25. Rxg7 Rxg7 26. Qh6 Rg8 27. Ng5 Nxe5 28. Qxh7# 1-0


[Site "https://www.chess.com"]

[Event "Titled Tuesday Blitz December 13 Early 2022"]
[White "Fromm, Marius"]
[Black "Moiseenko, Alexander"]
[WhiteFideId "12993190"]
[BlackFideId "14102560"]
[WhiteElo "2325"]
[BlackElo "2577"]
[Result "0-1"]
[Round "08"]
[TimeControl "180+1"]
[Date "2022.12.14"]
[WhiteClock "0:00:09"]
[BlackClock "0:00:37"]

1. e4 c5 2. Nf3 Nc6 3. Bb5 e6 4. Bxc6 bxc6 5. d3 Ne7 6. h4 Qc7 7. h5 e5 8. h6 d6 9. hxg7 Bxg7 10. Bh6 Rg8 11. g3 Bg4 12. Nbd2 Bh8 13. Qe2 a5 14. a4 d5 15. b3 f5 16. Qe3 Qd6 17. Bg5 d4 18. Bxe7 Qxe7 19. Qh6 Kd7 20. Nh4 Bg7 21. Qxh7 Rh8 22. Qg6 Rh6 23. Qxh6 Bxh6 24. Nxf5 Bxd2+ 25. Kxd2 Bxf5 26. exf5 Qg5+ 27. Ke2 Qxf5 28. Raf1 Rf8 29. f3 c4 30. bxc4 Qg5 0-1


[Site "https://www.chess.com"]

[Event "Titled Tuesday Blitz December 13 Early 2022"]
[White "Gabdrakhmanov, Azat"]
[Black "Yurasova, Daria"]
[WhiteFideId "34189197"]
[BlackFideId "34146919"]
[WhiteElo "2254"]
[BlackElo "2098"]
[Result "1-0"]
[Round "08"]
[TimeControl "180+1"]
[Date "2022.12.14"]
[WhiteClock "0:00:57"]
[BlackClock "0:00:16"]

1. e4 e5 2. Nf3 Nc6 3. Bb5 a6 4. Ba4 Nf6 5. O-O b5 6. Bb3 Bc5 7. c3 d6 8. d4 Bb6 9. Bg5 h6 10. Bh4 Bb7 11. Qd3 Qe7 12. Nbd2 Na5 13. Bc2 Nc6 14. d5 Nb8 15. a4 bxa4 16. Bxa4+ Kf8 17. Bxf6 Qxf6 18. Nc4 Kg8 19. Nxb6 cxb6 20. Bc6 Qe7 21. Bxb7 Qxb7 22. Nh4 g6 23. f4 exf4 24. Rxf4 Nd7 25. Raf1 Ne5 26. Qg3 Qe7 27. Nf5 Qd7 28. Kh1 Kh7 29. Nxd6 Rhf8 30. Rf6 Qe7 31. Qh4 Ra7 32. Nf5 gxf5 33. Rxh6+ Kg7 34. Rh7+ Kg6 35. Qh6# 1-0


[Site "https://www.chess.com"]

[Event "Titled Tuesday Blitz December 13 Early 2022"]
[White "Galchenko, Matvey"]
[Black "Lamaze, Simon"]
[WhiteFideId "24175480"]
[BlackFideId "36069264"]
[WhiteElo "2404"]
[BlackElo "2272"]
[Result "0-1"]
[Round "08"]
[TimeControl "180+1"]
[Date "2022.12.13"]
[WhiteClock "0:00:45"]
[BlackClock "0:01:07"]

1. e4 c5 2. c3 Nf6 3. e5 Nd5 4. Nf3 e6 5. Bc4 d6 6. d4 cxd4 7. cxd4 Be7 8. O-O O-O 9. Bd2 dxe5 10. dxe5 Nb6 11. Bb3 Bd7 12. Nc3 Bc6 13. Qe2 Bxf3 14. gxf3 Nc6 15. Rad1 Qc7 16. f4 Nd4 17. Qe4 Nxb3 18. axb3 g6 19. Be3 Rad8 20. Rc1 Qb8 21. Nb5 Nd5 22. Bxa7 Qa8 23. Kh1 b6 24. Rc4 Qb7 25. Rc7 Qa6 26. Rxe7 Qxb5 27. Rb7 Qxf1# 0-1


[Site "https://www.chess.com"]

[Event "Titled Tuesday Blitz December 13 Early 2022"]
[White "Gareyev, Timur"]
[Black "Svane, Rasmus"]
[WhiteFideId "14200937"]
[BlackFideId "4657101"]
[WhiteElo "2553"]
[BlackElo "2674"]
[Result "0-1"]
[Round "08"]
[TimeControl "180+1"]
[Date "2022.12.13"]
[WhiteClock "0:00:13"]
[BlackClock "0:00:05"]

1. d4 Nf6 2. c4 e6 3. g4 Bb4+ 4. Nc3 d5 5. Bg2 Nxg4 6. Nf3 Nf6 7. Rg1 Nc6 8. Ne5 Bd7 9. Bg5 h6 10. Bh4 g5 11. Bg3 Ne4 12. Bxe4 dxe4 13. d5 Nxe5 14. Bxe5 f6 15. Bd4 e5 16. Be3 f5 17. Qb3 Qe7 18. O-O-O b6 19. d6 Bxd6 20. Nd5 Qe6 21. c5 bxc5 22. Qb7 O-O 23. Bxg5 hxg5 24. Rxg5+ Kf7 25. Nxc7 Bxc7 26. Qxc7 Rad8 27. Rd6 Qe7 28. Rgg6 Rg8 29. Rh6 Rg7 30. Qb7 Kg8 31. h4 Qf7 32. Qc7 Qc4+ 33. Kd2 Qb4+ 34. Kc2 Ba4+ 35. b3 Rxc7 36. Rxd8+ Kg7 0-1


[Site "https://www.chess.com"]

[Event "Titled Tuesday Blitz December 13 Early 2022"]
[White "Ghosh, Chanchal Kumer"]
[Black "Torres Boch, Jose Francisco"]
[WhiteFideId "10201858"]
[BlackFideId "2278383"]
[WhiteElo "2058"]
[BlackElo "2073"]
[Result "1-0"]
[Round "08"]
[TimeControl "180+1"]
[Date "2022.12.14"]
[WhiteClock "0:00:11"]
[BlackClock "0:01:30"]

1. e4 c5 2. Nf3 d6 3. d4 cxd4 4. Nxd4 Nf6 5. Nc3 a6 6. Be2 e5 7. Nb3 Be7 8. Be3 O-O 9. O-O Be6 10. f4 exf4 11. Bxf4 Nc6 12. Nd5 Nxe4 13. Bf3 Bxd5 14. Qxd5 Nf6 15. Qd2 d5 16. Rad1 a5 17. Bxd5 Nxd5 18. Qxd5 Qb6+ 19. Kh1 a4 20. Nd4 Rfd8 21. Nxc6 bxc6 22. Qe4 Bf6 23. b3 Re8 24. Qc4 h6 25. h3 axb3 26. axb3 Ra5 27. Rd7 Rf8 28. Bc7 Qa7 29. Rxf6 gxf6 30. Qg4+ Rg5 31. Qf3 Rc8 32. Qxf6 Rg7 33. Be5 Rh7 34. Rd8+ Rxd8 35. Qxd8# 1-0


[Site "https://www.chess.com"]

[Event "Titled Tuesday Blitz December 13 Early 2022"]
[White "Gjestemoen-VonHirsch, Andre"]
[Black "Namitbir Singh Walia"]
[WhiteFideId "1539531"]
[BlackFideId "35071068"]
[WhiteElo "2198"]
[BlackElo "2239"]
[Result "0-1"]
[Round "08"]
[TimeControl "180+1"]
[Date "2022.12.14"]
[WhiteClock "0:00:12"]
[BlackClock "0:00:18"]

1. b3 Nf6 2. Bb2 g6 3. e3 Bg7 4. Nf3 O-O 5. Be2 d6 6. c4 e5 7. Nc3 Nc6 8. d4 a5 9. a3 Bg4 10. O-O e4 11. Nd2 Bxe2 12. Qxe2 Re8 13. d5 Nb8 14. Rae1 Nbd7 15. f3 Nc5 16. Ncxe4 Nfxe4 17. Nxe4 Bxb2 18. Qxb2 Nxe4 19. fxe4 Rxe4 20. Rf3 Qe7 21. Qc3 Re8 22. Kf2 b6 23. Ke2 Qh4 24. h3 a4 25. Ref1 axb3 26. g4 f5 27. gxf5 Rxc4 28. Qxb3 Qe4 29. fxg6 hxg6 30. Kd2 Qxd5+ 31. Qd3 Qxd3+ 32. Kxd3 Ra4 33. Rf7 Rxa3+ 34. Kd4 c6 35. R7f6 Rexe3 36. Rxg6+ Kh7 37. Rg4 Rad3+ 38. Kc4 Rc3+ 39. Kb4 Rb3+ 40. Ka4 Ra3+ 41. Kb4 Reb3+ 42. Kc4 b5+ 43. Kd4 Ra4# 0-1


[Site "https://www.chess.com"]

[Event "Titled Tuesday Blitz December 13 Early 2022"]
[White "Goltsev, Dmitry"]
[Black "Yedidia, Daniel"]
[WhiteFideId "24176710"]
[BlackFideId "30905907"]
[WhiteElo "2327"]
[BlackElo "2557"]
[Result "1-0"]
[Round "08"]
[TimeControl "180+1"]
[Date "2022.12.14"]
[WhiteClock "0:02:18"]
[BlackClock "0:00:30"]

1. e4 e5 2. Nf3 Nc6 3. Bb5 a6 4. Ba4 Nf6 5. O-O Be7 6. Re1 b5 7. Bb3 O-O 8. c3 d6 9. h3 Nb8 10. d4 Nbd7 11. Nbd2 Bb7 12. Qe2 c5 13. d5 c4 14. Bc2 Qc7 15. Nf1 Rfb8 16. g4 a5 17. Ng3 g6 18. Nh4 Bc8 19. Nhf5 gxf5 20. Nxf5 Bf8 21. g5 Ne8 22. Qh5 Nc5 23. Kh1 Kh8 24. Rg1 Ng7 25. Qh4 Nd3 26. Nh6 Rb7 27. Be3 Qd7 28. Rg3 b4 29. Rag1 bxc3 30. bxc3 Rb2 31. Bxd3 cxd3 32. Rf3 Rxa2 33. Nxf7+ Kg8 34. Nh6+ Kh8 35. Rxf8# 1-0


[Site "https://www.chess.com"]

[Event "Titled Tuesday Blitz December 13 Early 2022"]
[White "Gonzalez, Francisco Silva"]
[Black "Shapiro, Daniel"]
[WhiteFideId "1512285"]
[BlackFideId "2001780"]
[WhiteElo "2220"]
[BlackElo "2356"]
[Result "1/2-1/2"]
[Round "08"]
[TimeControl "180+1"]
[Date "2022.12.14"]
[WhiteClock "0:00:09"]
[BlackClock "0:00:06"]

1. d4 Nf6 2. c4 e6 3. Nc3 Bb4 4. a3 Bxc3+ 5. bxc3 d6 6. e3 O-O 7. Bd3 e5 8. Ne2 Nc6 9. e4 Nd7 10. O-O b6 11. f4 Ba6 12. Rf3 Na5 13. Rh3 Bxc4 14. fxe5 Bxd3 15. Qxd3 dxe5 16. Rb1 Qe7 17. Ng3 g6 18. Qe3 f6 19. Qh6 Rfe8 20. Rb5 c6 21. Rb4 c5 22. dxc5 Qxc5+ 23. Be3 Qe7 24. Rb5 Rac8 25. Rd5 Nf8 26. Rh4 Rxc3 27. Rg4 Qg7 28. Nf5 Qxh6 29. Nxh6+ Kh8 30. Bd2 Rxa3 31. Bb4 Ra2 32. Bxf8 Rxf8 33. Rd7 Rc8 34. h4 Nc4 35. Rg3 b5 36. Rf3 Ra6 37. Rfd3 b4 38. Nf7+ Kg8 39. Nh6+ Kh8 40. Nf7+ Kg8 41. Nh6+ Kh8 1/2-1/2


[Site "https://www.chess.com"]

[Event "Titled Tuesday Blitz December 13 Early 2022"]
[White "Goroshkov, Maksym"]
[Black "Abdrlauf, Elham"]
[WhiteFideId "14142716"]
[BlackFideId "1533533"]
[WhiteElo "2258"]
[BlackElo "2454"]
[Result "1-0"]
[Round "08"]
[TimeControl "180+1"]
[Date "2022.12.13"]
[WhiteClock "0:01:18"]
[BlackClock "0:00:01"]

1. e4 c6 2. d4 d5 3. exd5 cxd5 4. c4 Nf6 5. Nc3 g6 6. Nf3 Bg7 7. cxd5 Nxd5 8. Bc4 Nxc3 9. bxc3 O-O 10. O-O Nc6 11. Bg5 Qc7 12. Re1 Nxd4 13. Bxf7+ Rxf7 14. cxd4 Bg4 15. Qb3 Bxf3 16. Rxe7 Qxe7 17. Bxe7 Bxd4 18. Rf1 Be2 19. Rc1 Bxf2+ 20. Kh1 Re8 21. Bg5 Bb6 22. h3 Ba6 23. Bf6 Rf8 24. Re1 Bd8 25. Bb2 Bh4 26. Rd1 h5 27. Rd7 Bg5 28. Ba3 Bh6 29. Bxf8 1-0


[Site "https://www.chess.com"]

[Event "Titled Tuesday Blitz December 13 Early 2022"]
[White "Goryachkina, Aleksandra"]
[Black "Bagwe Gaurang"]
[WhiteFideId "4147103"]
[BlackFideId "45039895"]
[WhiteElo "2484"]
[BlackElo "1847"]
[Result "1-0"]
[Round "08"]
[TimeControl "180+1"]
[Date "2022.12.14"]
[WhiteClock "0:00:25"]
[BlackClock "0:00:12"]

1. e4 c5 2. Nf3 d6 3. Bb5+ Nd7 4. O-O a6 5. Bxd7+ Bxd7 6. Re1 g6 7. c3 c4 8. b3 b5 9. bxc4 bxc4 10. Na3 Rc8 11. Qe2 Qc7 12. e5 d5 13. Nc2 e6 14. Ba3 Bxa3 15. Nxa3 Ne7 16. Nc2 Ng8 17. Ncd4 Ne7 18. Rab1 O-O 19. Qe3 Kg7 20. Qg5 Ng8 21. h4 Rb8 22. h5 h6 23. Qe3 Rxb1 24. Rxb1 Rb8 25. Qe1 Ne7 26. hxg6 Nxg6 27. Ra1 Rb2 28. Qe3 Qb6 29. Nh2 Rb1+ 30. Rxb1 Qxb1+ 31. Nf1 Qxa2 32. Ng3 Qb1+ 33. Kh2 Qd3 34. Nh5+ Kf8 35. Qxh6+ Ke7 36. Qg5+ Kf8 37. Qd8+ Be8 38. Nf6 Qxd2 39. Qxe8+ Kg7 40. Qg8+ Kh6 41. Qh7+ Kg5 42. Qh5+ Kf4 43. g3# 1-0


[Site "https://www.chess.com"]

[Event "Titled Tuesday Blitz December 13 Early 2022"]
[White "Guliev, Logman"]
[Black "Kim, Sergey"]
[WhiteFideId "13400061"]
[BlackFideId "13700570"]
[WhiteElo "2161"]
[BlackElo "2583"]
[Result "0-1"]
[Round "08"]
[TimeControl "180+1"]
[Date "2022.12.14"]
[WhiteClock "0:00:03"]
[BlackClock "0:00:50"]

1. e4 e5 2. Nf3 Nc6 3. Bb5 a6 4. Ba4 Nf6 5. O-O b5 6. Bb3 Bc5 7. c3 d6 8. a4 Bb7 9. d4 Bb6 10. Bg5 h6 11. Bh4 g5 12. Bg3 Nxe4 13. Qd3 Nxg3 14. hxg3 Qf6 15. Nbd2 Na5 16. dxe5 dxe5 17. Nxe5 Nxb3 18. Nxb3 Rd8 19. Qe2 O-O 20. axb5 axb5 21. Nd4 Rfe8 22. Ng4 Qg6 23. Qxb5 Kg7 24. Rae1 Be4 25. Ne3 Kh7 26. f3 Bd3 27. Qb4 Bxf1 28. Kxf1 c5 0-1


[Site "https://www.chess.com"]

[Event "Titled Tuesday Blitz December 13 Early 2022"]
[White "Hamley, Ryan"]
[Black "Fernandez Siles, Luis"]
[WhiteFideId "30959497"]
[BlackFideId "2209420"]
[WhiteElo "2617"]
[BlackElo "2186"]
[Result "0-1"]
[Round "08"]
[TimeControl "180+1"]
[Date "2022.12.14"]
[WhiteClock "0:00:04"]
[BlackClock "0:00:16"]

1. d4 Nf6 2. Nf3 g6 3. Nbd2 d5 4. b4 Bg7 5. e3 O-O 6. c4 dxc4 7. Nxc4 c6 8. Bd3 Nbd7 9. O-O Nb6 10. Nce5 Nfd7 11. Bb2 Nxe5 12. Nxe5 Nd7 13. Nf3 c5 14. Qb3 cxd4 15. Nxd4 e5 16. Nb5 Nb6 17. Rfd1 Be6 18. Qc2 Qh4 19. Qd2 Rad8 20. Qc2 Nd5 21. a3 a6 22. Nc3 Rc8 23. Qd2 Nxc3 24. Bxc3 Rxc3 25. Qxc3 e4 26. Qc7 Bxa1 27. Bf1 Bf6 28. g3 Qh5 29. Rc1 Rc8 30. Qxc8+ Bxc8 31. Rxc8+ Kg7 32. Rc2 Qd1 33. Rc7 h5 34. h4 g5 35. hxg5 Bxg5 36. Rxb7 h4 37. gxh4 Bxh4 38. Rb6 Qe1 0-1


[Site "https://www.chess.com"]

[Event "Titled Tuesday Blitz December 13 Early 2022"]
[White "Harsh Suresh"]
[Black "Bethke, Richard"]
[WhiteFideId "45018464"]
[BlackFideId "12959243"]
[WhiteElo "2227"]
[BlackElo "2369"]
[Result "0-1"]
[Round "08"]
[TimeControl "180+1"]
[Date "2022.12.14"]
[WhiteClock "0:00:01"]
[BlackClock "0:01:17"]

1. Nf3 f5 2. d4 Nf6 3. g3 d5 4. Bg2 e6 5. O-O Bd6 6. Nbd2 O-O 7. Ne5 b6 8. Ndf3 Bb7 9. Nd3 Nbd7 10. Bf4 Qe7 11. a4 a5 12. b3 Ne4 13. h4 c5 14. e3 Bxf4 15. exf4 Rac8 16. Re1 cxd4 17. Nxd4 Ndc5 18. Ne5 Rfd8 19. Rc1 Nc3 20. Qd2 N5e4 21. Qe3 Na2 22. Rcd1 Nb4 23. Kh2 Rc3 24. Nd3 Nxc2 25. Nxc2 Rxc2 26. Qxb6 Rdc8 27. Qxa5 Nxf2 28. Nxf2 Rxf2 29. Rd2 Rc2 30. Rxc2 Rxc2 31. Kg1 d4 32. Bxb7 Qxb7 33. Qd8+ Kf7 34. Qxd4 Qg2# 0-1


[Site "https://www.chess.com"]

[Event "Titled Tuesday Blitz December 13 Early 2022"]
[White "Harshavardhan G B"]
[Black "Hirneise, Jens"]
[WhiteFideId "25059009"]
[BlackFideId "24614734"]
[WhiteElo "2323"]
[BlackElo "2345"]
[Result "1-0"]
[Round "08"]
[TimeControl "180+1"]
[Date "2022.12.14"]
[WhiteClock "0:01:22"]
[BlackClock "0:00:34"]

1. d4 Nf6 2. c4 e6 3. g3 Bb4+ 4. Bd2 c5 5. Bxb4 cxb4 6. Bg2 a5 7. Nd2 d6 8. a3 Na6 9. Ngf3 O-O 10. O-O Qe7 11. e4 e5 12. axb4 Nxb4 13. c5 dxc5 14. dxe5 Ng4 15. Nc4 Rd8 16. Qc1 Nd3 17. Qc3 b5 18. Nb6 b4 19. Qc2 Rb8 20. Nd5 Rxd5 21. exd5 Ndxe5 22. Nxe5 Nxe5 23. Rfe1 Qd6 24. f4 Nd7 25. Re8+ Nf8 26. Rxa5 c4 27. Qxc4 Bd7 28. Rxb8 Qxb8 29. Qc5 b3 30. d6 Qe8 31. Qe5 Qc8 32. h3 Qc1+ 33. Kh2 h5 34. Ra8 h4 35. Qe7 hxg3+ 36. Kxg3 Kh7 37. Rxf8 Qxb2 38. Qh4+ Kg6 39. Qg5+ Kh7 40. Qh5# 1-0


[Site "https://www.chess.com"]

[Event "Titled Tuesday Blitz December 13 Early 2022"]
[White "Hartikainen, Jarmo"]
[Black "Bochnicka, Vladimir"]
[WhiteFideId "503134"]
[BlackFideId "14943450"]
[WhiteElo "2224"]
[BlackElo "2239"]
[Result "0-1"]
[Round "08"]
[TimeControl "180+1"]
[Date "2022.12.14"]
[WhiteClock "0:00:08"]
[BlackClock "0:00:10"]

1. e4 c5 2. c3 Nf6 3. e5 Nd5 4. d4 cxd4 5. Nf3 Nc6 6. cxd4 e6 7. Nc3 d6 8. Bd3 Nxc3 9. bxc3 dxe5 10. dxe5 Be7 11. O-O O-O 12. Qe2 Qc7 13. Qe4 g6 14. Bh6 Rd8 15. Rfe1 b6 16. Bg5 Bb7 17. Rad1 Nb4 18. Qh4 Bxf3 19. Bxe7 Rxd3 20. Rxd3 Nxd3 21. Bf6 Bh5 22. Qg5 Qc5 23. Re3 Qxc3 24. g4 Qd2 25. Rxd3 Qxd3 26. gxh5 Qd1+ 27. Kg2 Qxh5 28. Qd2 Qg4+ 29. Kf1 Qh3+ 30. Ke1 Rc8 31. Kd1 Qf1+ 32. Qe1 Rc1+ 33. Kxc1 Qxe1+ 0-1


[Site "https://www.chess.com"]

[Event "Titled Tuesday Blitz December 13 Early 2022"]
[White "Iskusnyh, Sergei"]
[Black "Rodriguez Fontecha, Marcos"]
[WhiteFideId "4120027"]
[BlackFideId "2256576"]
[WhiteElo "2492"]
[BlackElo "2263"]
[Result "0-1"]
[Round "08"]
[TimeControl "180+1"]
[Date "2022.12.14"]
[WhiteClock "0:00:07"]
[BlackClock "0:00:15"]

1. d4 d5 2. c4 Nc6 3. Nc3 Nf6 4. cxd5 Nxd5 5. Nf3 g6 6. e4 Nxc3 7. bxc3 Bg7 8. Be2 O-O 9. O-O e5 10. Ba3 Re8 11. d5 Ne7 12. c4 f5 13. Rb1 b6 14. Bd3 fxe4 15. Bxe4 Bf5 16. Re1 Bxe4 17. Bxe7 Bxf3 18. Bxd8 Bxd1 19. Bxc7 Ba4 20. c5 bxc5 21. Rbc1 Kf7 22. Rxc5 Rac8 23. d6 Ke6 24. Ra5 Bc6 25. Rxa7 Ra8 26. Rxa8 Rxa8 27. Rc1 Rxa2 28. h3 Kd7 29. Rc4 Bf8 30. Rh4 h5 31. Rc4 Bxd6 32. Bxd6 Kxd6 33. Rc3 Be4 34. f3 Bf5 35. Rb3 Kd5 36. Rb4 g5 37. Kh2 h4 38. Rb5+ Kd4 39. Rb4+ Ke3 40. Rb5 Kf4 41. Rb4+ e4 42. fxe4 Bxe4 43. Rb8 Rxg2+ 44. Kh1 Rb2+ 0-1


[Site "https://www.chess.com"]

[Event "Titled Tuesday Blitz December 13 Early 2022"]
[White "Itkis, Boris"]
[Black "Vega Gutierrez, Sabrina"]
[WhiteFideId "1209167"]
[BlackFideId "2219026"]
[WhiteElo "2216"]
[BlackElo "2261"]
[Result "0-1"]
[Round "08"]
[TimeControl "180+1"]
[Date "2022.12.14"]
[WhiteClock "0:00:07"]
[BlackClock "0:00:37"]

1. c4 e5 2. Nf3 d6 3. Nc3 f5 4. d4 e4 5. Ng5 Be7 6. Nh3 Nf6 7. e3 O-O 8. Be2 c6 9. O-O Na6 10. b3 Nc7 11. Ba3 a6 12. Rc1 b5 13. Qd2 Rb8 14. Nb1 Bd7 15. cxb5 axb5 16. Nf4 Ra8 17. h4 Ncd5 18. Nxd5 Nxd5 19. g3 b4 20. Bb2 Rxa2 21. Rc2 Bxh4 22. Bc4 Bg5 23. Bxd5+ cxd5 24. Qxb4 Qf6 25. Kg2 f4 26. exf4 Bxf4 27. Nc3 Bd2 28. Rxd2 Qf3+ 29. Kh2 Rf6 30. Qb8+ Kf7 31. Nxe4 Rh6+ 0-1


[Site "https://www.chess.com"]

[Event "Titled Tuesday Blitz December 13 Early 2022"]
[White "Jakubowska, Anna"]
[Black "Derjabin, Ilja"]
[WhiteFideId "1121952"]
[BlackFideId "14104768"]
[WhiteElo "2001"]
[BlackElo "2309"]
[Result "0-1"]
[Round "08"]
[TimeControl "180+1"]
[Date "2022.12.14"]
[WhiteClock "0:00:01"]
[BlackClock "0:00:03"]

1. e4 c5 2. Nf3 d6 3. Bb5+ Bd7 4. Bxd7+ Qxd7 5. O-O Nc6 6. c3 Nf6 7. Re1 e6 8. d4 cxd4 9. cxd4 d5 10. e5 Ne4 11. Nbd2 Bb4 12. a3 Bxd2 13. Bxd2 O-O 14. Be3 Rac8 15. Re2 Na5 16. Ne1 f6 17. f3 Ng5 18. exf6 gxf6 19. Bxg5 fxg5 20. Qd2 Nc4 21. Qxg5+ Kh8 22. Nd3 Rg8 23. Qh5 Qg7 24. Ne5 Nxe5 25. Qxe5 Qxe5 26. dxe5 Rc4 27. Rf1 Rgc8 28. f4 d4 29. f5 exf5 30. Rxf5 d3 31. Rd2 Rc2 32. Rff2 Rc1+ 33. Rf1 R8c2 34. Rxd3 Rxf1+ 35. Kxf1 Rxb2 36. e6 Kg7 37. Rf3 Rb6 38. Rf7+ Kg6 39. Kf2 a5 40. Kf3 a4 41. h4 h5 42. Kf4 Rxe6 43. Rxb7 Rc6 44. Rb4 Ra6 45. g4 hxg4 46. Kxg4 Kh6 47. Rf4 Rg6+ 48. Kf5 Ra6 49. Ke5 Kh5 50. Kd5 Ra5+ 51. Kc6 Ra8 52. Rb4 Ra5 53. Kb6 Ra8 54. Kb5 Kg6 55. Rxa4 Rb8+ 56. Kc5 Rc8+ 57. Kb6 Kf6 58. Kb7 Rc3 59. Ra5 Rb3+ 60. Kc6 Rc3+ 61. Kb5 Rb3+ 62. Kc4 Rh3 63. h5 Rh4+ 64. Kb3 Ke7 65. a4 Kd6 66. h6 Kc6 0-1


[Site "https://www.chess.com"]